 Dungeon Crawl Stone Soup version 0.21.1-72-gffa868e (webtiles) character file.

123 Fang the Chopper (level 5, -1/33 HPs)
             Began as a Gargoyle Berserker on Aug 3, 2018.
             Was a Believer of Trog.
             Killed from afar by stinkbear's ghost (2 damage)
             ... with a magic dart
             ... on level 3 of the Dungeon.
             The game lasted 00:02:01 (1732 turns).

Fang the Chopper (Gargoyle Berserker)               Turns: 1732, Time: 00:02:02

Health: -1/33      AC:  6    Str: 21    XL:     5   Next: 7%
Magic:  5/5        EV: 12    Int:  8    God:    Trog [**....]
Gold:   189        SH:  0    Dex:  9    Spells: 4/4 levels left

rFire    . . .     SeeInvis .   a - +0 hand axe
rCold    . . .     Gourm    .   (no shield)
rNeg     + . .     Faith    .   b - +0 animal skin
rPois    ∞         Spirit   .   (no helmet)
rElec    +         Reflect  .   (no cloak)
rCorr    .         Harm     .   (no gloves)
MR       .....                  (no boots)
Stlth    +.........             (no amulet)
HPRegen  0.11/turn              (no ring)
MPRegen  0.09/turn              (no ring)

@: no status effects
A: negative energy resistance 1, electricity resistance, unbreathing,
petrification resistance, rot immunity, AC +4
a: Berserk, Trog's Hand, Burn Spellbooks, Renounce Religion


You were on level 3 of the Dungeon.
You worshipped Trog.
Trog was pleased with you.
You were hungry.

You visited 1 branch of the dungeon, and saw 3 of its levels.

You collected 189 gold pieces.

Inventory:

Hand Weapons
 a - a +0 hand axe (weapon)
Armour
 b - a +0 animal skin (worn)
Scrolls
 d - a scroll of noise {unknown}
 f - 5 scrolls of identify {unknown}
 i - 5 scrolls of teleportation {unknown}
 j - 6 scrolls of remove curse {unknown}
 k - a scroll of immolation {unknown}
Potions
 e - 2 potions of brilliance {unknown}
 g - a potion of might {unknown}
 h - 2 potions of magic {unknown}
 l - a potion of curing {unknown}
Comestibles
 c - 7 rations


   Skills:
 + Level 4.0 Fighting
 + Level 4.2 Axes
 + Level 2.5 Armour
 + Level 2.1 Dodging
 + Level 0.2 Stealth


You had 4 spell levels left.
You didn't know any spells.

Dungeon Overview and Level Annotations

Branches:
Dungeon (3/15)

Altars:
Elyvilon
Yredelemnul

Annotations:
D:3 stinkbear's ghost, amateur DrCj


Innate Abilities, Weirdness & Mutations

You are resistant to torment.
Your stone body is resilient. (AC +4)
You are immune to poison.
You resist negative energy. (rN+)
You are resistant to electric shocks. (rElec)
You can survive without breathing.
You are immune to petrification.
You are immune to rotting.


Message History

The magic dart hits you!
There is a white marble altar of Elyvilon here.
Stinkbear's ghost points at you and mumbles some strange words.
The magic dart hits you! Stinkbear's ghost casts a spell at you.
The magic dart hits you!
You hit the withered plant but do no damage. x2
Stinkbear's ghost gestures at you while chanting.
The magic dart hits you!
There is a basalt altar of Yredelemnul here.
Stinkbear's ghost gestures at you while chanting.
The magic dart hits you!
* * * LOW HITPOINT WARNING * * *
The hobgoblin hits the withered plant but does no damage.
Stinkbear's ghost points at you and mumbles some strange words.
The magic dart hits you!
* * * LOW HITPOINT WARNING * * *
Stinkbear's ghost casts a spell at you. The magic dart hits you!
You die...

#.........#
#..P.P....#########
##.._.....##.......
#.P.P....##....#
#........##....#
##Wg#.....'....+
#..#######....###
#....#...##.....#
#@##.#.#........#
#....#.#.##.....#
#<#..#.#.##.....#
###...†PP##.....#
#...P...P####.###
#.#.P...P### .#
###'##P...P..# ..
#.....PPPPP..+ ##
#....####....#


You could see stinkbear's ghost and a hobgoblin.

Vanquished Creatures
  A hound (D:2)
  An adder (D:2)
  A gnoll (D:1)
  An ooze (D:1)
  A dart slug (D:2)
  3 orcs (D:2)
  A ball python (D:3)
  2 giant cockroaches
  8 hobgoblins
  9 jackals
  6 kobolds
  A quokka (D:2)
  5 bats
  4 frilled lizards
  10 goblins
  5 rats
  2 fungi (D:3)
61 creatures vanquished.

Vanquished Creatures (others)
  A fungus (D:3)
1 creature vanquished.

Grand Total: 62 creatures vanquished

Notes
Turn   | Place    | Note
-------+----------+-------------------------------------------
     0 | D:1      | Fang the Gargoyle Berserker began the quest for the Orb.
     0 | D:1      | Reached XP level 1. HP: 14/14 MP: 1/1
   159 | D:1      | Reached XP level 2. HP: 18/19 MP: 2/2
   226 | D:1      | Reached XP level 3. HP: 21/23 MP: 3/3
   576 | D:1      | Reached ** piety under Trog
   917 | D:2      | Reached XP level 4. HP: 27/29 MP: 4/4
  1368 | D:2      | Reached XP level 5. HP: 28/33 MP: 5/5
  1596 | D:3      | Found a basalt altar of Yredelemnul.
  1682 | D:3      | Found a white marble altar of Elyvilon.
  1702 | D:3      | Noticed stinkbear's ghost (amateur DrCj)
  1731 | D:3      | HP: 1/33 [stinkbear's ghost/magic dart (7)]
  1732 | D:3      | Killed from afar by stinkbear's ghost

Skill      XL: |  1  2  3  4 |
---------------+-------------+-----
Axes           | 3 4 |  4.2
Dodging        | 2 |  2.1
Fighting       | 4 |  4.0
Armour         | |  2.5
Stealth        | |  0.2

Action                   |  1- 3 |  4- 6 || total
-------------------------+-------+-------++-------
Melee: Hand axe          |   112 |    79 ||   191
Invok: Berserk           |       |     1 ||     1
 Stab: Sleeping          |     1 |       ||     1
  Eat: Chunk             |       |     3 ||     3
Armor: Animal skin       |    35 |    19 ||    54
Dodge: Dodged            |    83 |    34 ||   117
